 Dungeon Crawl Stone Soup version 0.30.0-29-ga12c61a403 (webtiles) character file.

Game seed: 16298303647413562960

11984 Daunt the Skirmisher (level 11, -1/157 HPs)
             Began as an Armataur Transmuter on June 20, 2023.
             Was a Priest of Ashenzari.
             Slain by a molten gargoyle
             ... wielding a +0 flail
              (5 damage)
             ... in a Gauntlet on June 21, 2023.
             The game lasted 01:11:57 (12706 turns).

Daunt the Skirmisher (Armataur Transmuter)         Turns: 12706, Time: 01:11:57

Health: -1/157     AC: 13    Str: 18    XL:     11   Next: 56%
Magic:  0/15       EV: 11    Int: 13    God:    Ashenzari [***...]
Gold:   582        SH:  0    Dex: 13    Spells: 12/15 levels left

rFire   + . .        a - +7 quarterstaff
rCold   . . .        (shield currently unavailable)
rNeg    . . .        l - +0 ring mail of the Stellar Affliction {Elem, Range} (curse)
rPois   .            A - +0 helmet of Ouranomancy {Self, Elem} (curse)
rElec   .            G - +0 cloak of Ashenzari's Gnosis {Cun, Fort} (curse)
rCorr   .            N - +2 pair of gloves
SInv    +            (no barding)
Will    +....        h - amulet "Ruined Together" {Spirit, Bglg, Range} (curse) Stlth
                     s - ring "Bound With Me" {Will+, Range, Alch} (curse)
HPRegen 0.46/turn    v - ring of protection from fire
MPRegen 0.14/turn

%: no teleportation, clarity, guardian spirit, roll
@: berserking, invisible, very quick
A: large, rugged brown scales 3, deformed body, armoured tail, roll, long
tongue, awkward tongue
a: Renounce Religion, Shatter the Chains


You were in a Gauntlet.
You worshipped Ashenzari.
Ashenzari was most pleased with you.
You visited 2 branches of the dungeon, and saw 12 of its levels.
You also visited: Sewer and Gauntlet.

You collected 582 gold pieces.

Inventory:

Hand Weapons
 a - a +7 quarterstaff (weapon)
 b - a +2 sling of freezing
 t - a +0 triple crossbow
Missiles
 Q - 3 throwing nets
 R - 3 curare-tipped darts
Armour
 f - a +0 buckler
 i - a +0 pair of gloves of hurling
 l - the cursed +0 ring mail of the Stellar Affliction (worn) {Elem, Range}
   (You took it off an orc on level 6 of the Dungeon)

   It has a curse which improves the following skills: Elements: Fire Magic, Ice
   Magic, Air Magic and Earth Magic.
   Ranged Combat: Ranged Weapons and Throwing.
 n - the +1 pair of gloves "Hejah" {rC+ Dex+3}
   (You found it in a Gauntlet)

   Dex:       It affects your dexterity (+3).
   rC:        It protects you from cold.
 A - the cursed +0 helmet of Ouranomancy (worn) {Self, Elem}
   (You found it on level 3 of the Dungeon)

   It has a curse which improves the following skills: Introspection: Fighting
   and Spellcasting.
   Elements:  Fire Magic, Ice Magic, Air Magic and Earth Magic.
 G - the cursed +0 cloak of Ashenzari's Gnosis (worn) {Cun, Fort}
   (You found it on level 3 of the Dungeon)

   It has a curse which improves the following skills: Cunning: Dodging and
   Stealth.
   Fortitude: Armour and Shields.
 N - a +2 pair of gloves (worn)
 P - a +1 robe of cold resistance
Jewellery
 h - the cursed amulet "Ruined Together" (around neck) {Spirit, Bglg, Range}
   (You found it on level 7 of the Dungeon)

   [amulet of guardian spirit]

   It causes incoming damage to be divided between your reserves of health and
   magic.
   It has a curse which improves the following skills: Beguiling: Conjurations,
   Hexes and Translocations.
   Ranged Combat: Ranged Weapons and Throwing.
 r - a +5 ring of evasion
 s - the cursed ring "Bound With Me" (left hand) {Will+, Range, Alch}
   (You took it off an orc on level 8 of the Dungeon)

   [ring of willpower]

   Will:      It increases your willpower.
   It has a curse which improves the following skills: Ranged Combat: Ranged
   Weapons and Throwing.
   Alchemy:   Poison Magic and Transmutations.
 v - a ring of protection from fire (right hand)
Wands
 u - a wand of charming (12)
 K - a wand of digging (6)
 V - a wand of iceblast (1)
Scrolls
 m - 4 scrolls of magic mapping
 p - a scroll of fog
 q - 2 scrolls of enchant armour
 w - 4 scrolls of teleportation
 y - a scroll of butterflies
 z - 2 scrolls of silence
 B - 3 scrolls of poison
 D - a scroll of enchant weapon
 E - a scroll of amnesia
 J - 2 scrolls of brand weapon
 O - 2 scrolls of blinking
Potions
 c - 4 potions of brilliance
 d - 2 potions of ambrosia
 j - 2 potions of haste
 k - 4 potions of curing
 o - 2 potions of magic
 x - a potion of invisibility
 C - 2 potions of lignification
 I - 2 potions of flight
Miscellaneous
 e - a phantom mirror
 L - a lightning rod (3/4)
 T - a box of beasts (inert)


   Skills:
 + Level 8.6(10.1) Fighting
 * Level 9.5(12.4) Ranged Weapons
 + Level 5.6(7.1) Armour
 - Level 4.8(6.3) Dodging
 - Level 3.0(4.3) Stealth
 - Level 3.0(4.3) Shields
 - Level 2.6 Unarmed Combat
 - Level 1.7(2.8) Spellcasting
 - Level 1.7(2.8) Transmutations
 + Level 5.4 Evocations


You had 12 spell levels left.
You knew the following spells:

 Your Spells              Type           Power      Damage    Failure   Level
a - Beastly Appendage     Tmut           18%        N/A       12%         1
b - Wereblood             Tmut           9%         N/A       17%         2

Your spell library contained the following spells:

 Spells                   Type           Power      Damage    Failure   Level
 Sting                    Tmut/Pois      20%        1d4       21%         1
 Kiss of Death            Conj/Necr      8%         2d6       36%         1
 Poisonous Vapours        Pois/Air       4%         N/A       45%         2
 Spider Form              Tmut/Pois      5%         N/A       52%         3
 Confusing Touch          Hex            2%         N/A       71%         3
 Dazzling Flash           Conj/Hex       4%         N/A       71%         3
 Ice Form                 Ice/Tmut       5%         N/A       89%         4
 Dispel Undead            Necr           1%         3d6       98%         4
 Olgreb's Toxic Radiance  Pois           2%         N/A       98%         4
 Summon Ice Beast         Ice/Summ       2%         N/A       98%         4
 Agony                    Necr           1%         N/A       100%        5
 Silence                  Hex/Air        1%         N/A       100%        5
 Summon Mana Viper        Hex/Summ       2%         N/A       100%        5
 Monstrous Menagerie      Summ           0%         N/A       100%        7


Dungeon Overview and Level Annotations

Branches:
Dungeon (11/15)            Temple (1/1) D:4            Lair (0/5) D:8
    Orc (0/2) D:10          Sewer (visited)         Gauntlet (1/1)

Altars:
Ashenzari
Dithmenos
Elyvilon
Gozag
Hepliaklqana
Kikubaaqudgha
Nemelex Xobeh
Qazlal
Ru
Sif Muna
Uskayaw
Vehumet
Wu Jian
Xom

Shops:
D:5 (   D:8 [   D:10 (

Annotations:
D:4 flight
D:5 go up Gauntlet 6 transporters, exclusion: oklob plant


Innate Abilities, Weirdness & Mutations

You are completely covered in rugged brown scales. (AC +3, +7% HP)
Armour fits poorly on your strangely shaped body.
You have a long armoured tail.
You roll when moving toward enemies. (Rampage)
Your long tongue fully drains potion bottles. (2x potion effects)
Your tongue gives you trouble enunciating. (1.5x scroll delay)


Message History

* * * LOW HITPOINT WARNING * * *
Unknown command.
You closely miss the molten gargoyle.
The molten gargoyle is lightly damaged.
You barely miss the molten gargoyle.
The molten gargoyle is lightly damaged.
The molten gargoyle misses you.
You hit the molten gargoyle. You tail-slap the molten gargoyle.
The molten gargoyle is moderately damaged.
The molten gargoyle closely misses you.
You hit the molten gargoyle.
The molten gargoyle is heavily damaged.
The molten gargoyle hits you with a +0 flail!!
* * * LOW HITPOINT WARNING * * *
You are engulfed in flames.
You resist.
* * * LOW HITPOINT WARNING * * *
You hit the molten gargoyle.
The molten gargoyle is severely damaged.
The molten gargoyle blasts magma at you!
The bolt of magma misses you.
You barely miss the molten gargoyle.
Your tail-slap misses the molten gargoyle.
The molten gargoyle is severely damaged.
The molten gargoyle hits you with a +0 flail!
* * * LOW HITPOINT WARNING * * *
You are engulfed in flames.
You resist.
* * * LOW HITPOINT WARNING * * *
Unknown command.
Unknown command.
You barely miss the molten gargoyle.
Your tail-slap misses the molten gargoyle.
The molten gargoyle is severely damaged.
The molten gargoyle blasts magma at you!
The bolt of magma misses you.
Unknown command.
Unknown command.
You closely miss the molten gargoyle.
The molten gargoyle is severely damaged.
The molten gargoyle hits you with a +0 flail.
You die...

* ,#≈≈.#b##..#.#.. *,
, #...##≈.#.#.#.#.###
*#.8.###.#©#.©#.##©. *
....##..#).#b##b#.8 *
* .**
*#.8.#...#[.##hb##.. *
..
*#...#.∩.###bh##h#.8
#.##.©.#...#########..
#......#.8.....#.....8
*,*#9@.#...#########..
~ ,,,
#...#.∩.#9.....§#.8 ,
, #.8.#...#9.^.##.#..
....##..#.^##.#.#.8 *
##.8.###.#©.#©.#.#©.
#...##≈.#.#..##.###
*#.8.#≈≈.#|####..#..
#...##≈.#..{{...#.8
##.#########..


You could see 2 molten gargoyles and a gargoyle (unable to see you).

Vanquished Creatures
  Erolcha (D:10)
  A two-headed ogre (D:10)
  A soul eater (Gauntlet)
  A rime drake (D:8)
  A gargoyle (D:11)
  A troll (D:7)
  A hornet (D:9)
  3 flying skulls (Gauntlet)
  4 shadows (D:10)
  A wraith (D:10)
  21 yaks
  2 steam dragons
  A vampire mosquito (D:10)
  Menkaure (D:4)
  2 acid dragons
  Duvessa (D:6)
  4 ice beasts
  2 sky beasts
  3 orc warriors
  2 black bears
  2 ogres
  2 wolves (D:8)
  2 centaurs
  6 kobold brigands
  2 bullfrogs
  Blork the orc (D:4)
  A gnoll sergeant (D:10)
  2 scorpions
  Dowan (D:6)
  5 wights (D:8)
  3 killer bees (D:9)
  3 howler monkeys
  4 electric eels (D:10)
  3 hounds
  3 jellies
  4 orc priests
  A sleepcap (D:5)
  5 iguanas
  6 orc wizards
  6 ogre zombies (D:10)
  17 gnolls
  8 adders
  5 shadow imps
  An ufetubus (D:6)
  3 dart slugs
  4 worms
  32 orcs
  13 endoplasms
  A giant cockroach (D:5)
  5 goblins
  8 hobgoblins
  6 jackals
  18 kobolds
  5 quokkas
  3 training dummies (D:5)
  7 ball pythons
  3 bats
  5 frilled lizards
  A goblin zombie (D:10)
  6 hobgoblin zombies (D:10)
  An orc skeleton (D:10)
  11 orc zombies (D:10)
  7 rats
286 creatures vanquished.

Vanquished Creatures (collateral kills)
  An orc priest (D:4)
  An adder (D:4)
  4 orcs (D:4)
  An endoplasm (D:4)
  A giant cockroach (D:4)
8 creatures vanquished.

Vanquished Creatures (others)
  A water moccasin (D:4)
1 creature vanquished.

Grand Total: 295 creatures vanquished

Notes
Turn   | Place    | Note
-------+----------+-------------------------------------------
     0 | D:1      | Daunt the Armataur Transmuter began the quest for the Orb.
     0 | D:1      | Reached XP level 1. HP: 16/16 MP: 3/3
    86 | D:1      | Reached skill level 1 in Fighting
   216 | D:1      | Reached XP level 2. HP: 21/25 MP: 2/4
   810 | D:2      | Learned a level 2 spell: Wereblood
   996 | D:2      | Reached XP level 3. HP: 29/32 MP: 5/5
  1854 | D:3      | Reached skill level 1 in Evocations
  1936 | D:3      | Reached XP level 4. HP: 39/40 MP: 6/6
  1941 | D:3      | Found a stormy altar of Qazlal.
  2563 | D:4      | Noticed an ogre
  2605 | D:4      | Noticed Menkaure
  2668 | D:4      | Noticed a water moccasin
  2701 | D:4      | Reached XP level 5. HP: 47/49 MP: 7/7
  2770 | D:4      | Noticed a black bear
  2824 | D:4      | Found an ornate altar of the Wu Jian Council.
  2852 | D:4      | Killed a black bear
  2853 | D:4      | Reached XP level 6. HP: 56/56 MP: 8/8
  2907 | D:4      | Killed Menkaure
  2983 | D:4      | Reached skill level 5 in Fighting
  3063 | D:4      | Found a staircase to the Ecumenical Temple.
  3072 | Temple   | Entered the Ecumenical Temple
  3135 | Temple   | Became a worshipper of Ashenzari the Shackled
  3211 | D:4      | Reached XP level 7. HP: 61/65 MP: 9/9
  3284 | D:4      | Noticed Blork the orc
  3294 | D:4      | Killed Blork the orc
  3295 | D:4      | Reached skill level 1 in Ranged Weapons
  3359 | D:4      | Found a faded altar of an unknown god.
  3361 | D:4      | Found a hazy altar of Hepliaklqana.
  3430 | D:5      | Entered Level 5 of the Dungeon
  3480 | D:5      | Noticed a steam dragon
  3491 | D:5      | Killed a steam dragon
  3492 | D:5      | Reached skill level 5 in Evocations
  3521 | D:5      | Found a glowing drain.
  3567 | Sewer    | Entered a sewer
  3680 | Sewer    | HP: 3/65 [poisoned by a kobold brigand]
  4303 | Sewer    | Reached skill level 5 in Armour
  4310 | Sewer    | Identified the cursed +0 helmet of Ouranomancy {Self, Elem}
                  | (You found it on level 3 of the Dungeon)
  4394 | Sewer    | Reached XP level 8. HP: 65/74 MP: 11/11
  4845 | D:5      | Found Iluj Vai's Firing Range.
  5017 | D:5      | Reached skill level 2 in Ranged Weapons
  5256 | D:5      | Reached skill level 3 in Ranged Weapons
  5624 | D:6      | Reached skill level 4 in Ranged Weapons
  5636 | D:6      | Reached * piety under Ashenzari
  6128 | D:6      | Noticed Duvessa
  6128 | D:6      | Noticed Dowan
  6141 | D:6      | Killed Duvessa
  6142 | D:6      | Reached skill level 5 in Ranged Weapons
  6142 | D:6      | Reached XP level 9. HP: 72/83 MP: 10/12
  6144 | D:6      | Killed Dowan
  6681 | D:7      | Identified the +12 quarterstaff of the Sneaky Knives
                  | {flame, +Blink rF+ rN+ Str+3}
  6842 | D:6      | Reached ** piety under Ashenzari
  7048 | D:7      | Reached skill level 6 in Ranged Weapons
  7279 | D:7      | Noticed a troll
  7289 | D:7      | Killed a troll
  7290 | D:7      | Reached skill level 1 in Stealth
  7474 | D:8      | Noticed a rime drake
  7495 | D:8      | Killed a rime drake
  7741 | D:8      | Found a staircase to the Lair.
  7759 | D:8      | Reached skill level 7 in Ranged Weapons
  7864 | D:8      | Reached XP level 10. HP: 64/94 MP: 8/13
  7991 | D:8      | Found a radiant altar of Vehumet.
  8030 | D:8      | Found a shimmering altar of Xom.
  8064 | D:8      | Found Wohoaku's Armour Emporium.
  8157 | D:8      | Identified the staff of earth "Lotaoz" {rC+ rN+ Dex+2}
  9078 | D:9      | Reached skill level 8 in Ranged Weapons
  9311 | D:9      | Paralysed by a hornet for 2 turns
  9316 | D:9      | Paralysed by a hornet for 2 turns
  9810 | D:9      | Reached skill level 1 in Shields
 10274 | D:10     | Entered Level 10 of the Dungeon
 10404 | D:10     | Found a staircase to the Orcish Mines.
 10440 | D:10     | Reached XP level 11. HP: 103/103 MP: 14/14
 10592 | D:10     | Noticed Erolcha
 10596 | D:10     | Killed Erolcha
 10597 | D:10     | Reached skill level 9 in Ranged Weapons
 10870 | D:10     | Found Kuurit's Antique Weapon Emporium.
 10886 | D:10     | Noticed a two-headed ogre
 10898 | D:10     | Killed a two-headed ogre
 11092 | D:10     | Identified the +0 chain mail "Suroc" {Fly Regen+}
 11972 | D:11     | Found a gate leading to a gauntlet.
 12029 | D:11     | Noticed a two-headed ogre
 12031 | Gauntlet | Entered a Gauntlet
 12031 | Gauntlet | Found a transporter.
 12031 | Gauntlet | Found a transporter.
 12032 | Gauntlet | Noticed a soul eater
 12044 | Gauntlet | Found a transporter.
 12048 | Gauntlet | Found a transporter.
 12053 | Gauntlet | Noticed a necromancer
 12056 | Gauntlet | Found a transporter.
 12060 | Gauntlet | Found a transporter.
 12066 | Gauntlet | Noticed a catoblepas
 12068 | Gauntlet | Found a transporter.
 12068 | Gauntlet | Identified the staff of cold "Uboalov" {rC+ Will- Str+4
                  | SInv Stlth+}
 12072 | Gauntlet | Identified the +1 pair of gloves "Hejah" {rC+ Dex+3}
 12082 | Gauntlet | Identified the +1 pair of gloves of the Skies Above
                  | {Rampage Str+2}
 12084 | Gauntlet | Found a transporter.
 12084 | Gauntlet | Noticed a hell hog
 12086 | Gauntlet | Found the ring of Shadows {Umbra +Inv Stlth+}
 12098 | Gauntlet | Found a transporter.
 12102 | Gauntlet | Found a transporter.
 12110 | Gauntlet | Found a transporter.
 12114 | Gauntlet | Found a transporter.
 12114 | Gauntlet | Noticed an oklob plant
 12355 | Gauntlet | Killed a soul eater
 12373 | Gauntlet | Reached *** piety under Ashenzari
 12374 | Gauntlet | Found a runed translucent door.
 12672 | Gauntlet | HP: 2/105 [gargoyle/+0 mace (10)]
 12704 | Gauntlet | HP: 3/157 [molten gargoyle/+0 flail (6)]
 12706 | Gauntlet | Slain by a molten gargoyle

Illustrated notes

Levels and vault maps discovered:
D:1:      minmay_arrival_doors, layout_loops_ring
D:2:      layout_basic, minmay_lizard_pond
D:3:      layout_basic, lemuel_tele_altar
D:4:      layout_rooms, beargit_hepliaklqana_dungeon_heroes,
          nicolae_wu_jian_glorious_leap, temple_green, uniq_menkaure
D:5:      layout_basic, cheibrodos_sewer_entry_drain, nrook_campfire,
          nicolae_shop_firing_range
D:6:      layout_basic, serial_corexii_hall, corexii_hall_statues_x,
          chequers_hall_statues_corner_a, corexii_hall_statues_deadend,
          chequers_hall_statues_y, uniq_duvessa
D:7:      layout_rooms
D:8:      layout_basic, kennysheep_little_box, old_standard_altar,
          hellmonk_lair_entry_icy, serial_shops, shop, minmay_misc_feat_cross
D:9:      layout_basic
D:10:     layout_roguey, zombieorc1_lemuel, serial_bayou, serial_bayou_lake_a,
          serial_bayou_pond_d, serial_bayou_crossing, serial_bayou_pond_a,
          serial_bayou_shore_a, serial_bayou_pond_b, serial_shops,
          nicolae_shop_overgrown_old_shop, uniq_erolcha
D:11:     layout_rooms, gauntlet_entry_generic, nicolae_sif_muna_little_library
Temple:   minmay_crystal_spiral_temple
Gauntlet: minmay_gauntlet_77_indecision
          [minmay_gauntlet_arena_77_terracotta_army,
          minmay_gauntlet_arena_77_braids, minmay_gauntlet_arena_77_path,
          minmay_gauntlet_arena_77_mirror, minmay_gauntlet_arena_77_mess,
          minmay_gauntlet_arena_77_hold_the_fort, gauntlet_exit_watery]

Skill      XL: |  1  2  3  4  5  6  7  8  9 10 11 |
---------------+----------------------------------+-----
Fighting       | 1 2 3 4 5 6 7 8 |  8.6
Evocations     | 1 2 3 4 5 |  5.4
Ranged Weapons | 1 5 7 8 9 |  9.5
Armour         | 5 |  5.6
Stealth        | 3 |  3.0
Dodging        | 2 4 |  4.8
Shields        | 2 3 |  3.0
Unarmed Combat | |  2.6
Spellcasting   | |  1.7
Transmutations | |  1.7

Action                     |  1- 3 |  4- 6 |  7- 9 | 10-12 || total
---------------------------+-------+-------+-------+-------++-------
  Melee: Unarmed           |    41 |       |       |       ||    41
         Headbutt          |     5 |       |     2 |       ||     7
         Kick              |     7 |       |     2 |       ||     9
         Tailslap          |     8 |       |    25 |    62 ||    95
         War axe           |    89 |     2 |       |       ||    91
         Quarterstaff      |       |       |   189 |   289 ||   478
   Fire: Sling             |       |    88 |   249 |   287 ||   624
  Throw: Dart              |     1 |       |     1 |       ||     2
   Cast: Beastly Appendage |     8 |       |     2 |       ||    10
         Wereblood         |       |       |     3 |     1 ||     4
 Invoke: Curse Item        |       |       |     3 |     2 ||     5
  Evoke: Wand              |       |     3 |       |       ||     3
         Lightning rod     |       |       |       |     5 ||     5
         Box of beasts     |       |       |       |     1 ||     1
    Use: Potion            |       |     1 |     1 |    10 ||    12
         Scroll            |       |       |       |     1 ||     1
   Stab: Invisible         |       |       |       |     2 ||     2
 Armour: Leather armour    |    40 |    17 |    54 |       ||   111
         Skin              |       |     9 |       |       ||     9
         Ring mail         |       |       |    27 |   108 ||   135
  Dodge: Dodged            |    86 |    25 |   174 |   333 ||   618
  Block: Buckler           |       |       |       |    16 ||    16
